 Dungeon Sprint DCSS version 0.25-a0-435-g4b9beb1024 (webtiles) character file.

Game seed: 10325360980347010742, levelgen mode: deterministic

8 Baz the Firebug (level 2, -16/20 HPs)
             Began as a Draconian Fire Elementalist on Jan 29, 2020.
             Was an Initiate of Vehumet.
             Demolished by a draconian
             ... wielding a +1 lajatang of electrocution
              (18 damage)
             ... in the Dungeon (Sprint V: "Ziggurat Sprint").
             The game lasted 00:01:04 (231 turns).

Baz the Firebug (Draconian Fire Elementalist)        Turns: 231, Time: 00:01:05

Health: -16/20     AC:  4    Str: 10    XL:     2   Next: 0%
Magic:  13/13      EV: 12    Int: 21    God:    Vehumet [......]
Gold:   0          SH:  0    Dex: 11    Spells: 8/9 levels left

rFire    . . .     SeeInvis .   F - +6 Majin-Bo {vamp, Archmagi MP+6 Int+6}
rCold    . . .     Gourm    .   (shield currently unavailable)
rNeg     . . .     Faith    .   (armour unavailable)
rPois    .         Spirit   .   (helmet restricted)
rElec    .         Reflect  .   (no cloak)
rCorr    .         Harm     .   (no gloves)
MR       .....     NoTele   +   (no boots)
Stlth    ++........             (no amulet)
HPRegen  0.06/turn              (no ring)
MPRegen  0.13/turn              (no ring)

@: no status effects
A: unfitting armour, cold-blooded, AC +4
a: Renounce Religion


You were in the Dungeon.
You worshipped Vehumet.
Vehumet was noncommittal.
You were not hungry.

You visited 1 branch

Inventory:

Hand Weapons
 F - the +6 Majin-Bo (weapon) {vamp, Archmagi MP+6 Int+6}
   (You found it in the Dungeon)

   It inflicts no extra harm, but heals its wielder when it wounds a living foe.
   It affects your intelligence (+6).
   It affects your magic capacity (+6).
 G - the +6 shillelagh "Devastator" {shatter}
   (You found it in the Dungeon)
Armour
 H - a +3 buckler
 I - a +3 large shield
 J - a +3 shield
Magical Staves
 D - an uncursed staff of energy
Jewellery
 w - an uncursed ring of flight
 x - a +6 ring of dexterity
 y - a +6 ring of dexterity
 z - a +6 ring of intelligence
 A - a +6 ring of intelligence
 B - a +6 ring of strength
 C - a +6 ring of strength
Wands
 t - a wand of disintegration (7)
 u - a wand of iceblast (6)
 v - a wand of acid (6)
Scrolls
 h - 4 scrolls of blinking
 n - 4 scrolls of amnesia
 o - 7 scrolls of fog
 p - a scroll of holy word
 q - 5 scrolls of identify
 r - 5 scrolls of remove curse
 s - 2 scrolls of fear
Potions
 a - 2 potions of brilliance
 c - 10 potions of curing
 d - 9 potions of heal wounds
 e - 6 potions of haste
 f - 7 potions of magic
 g - 3 potions of berserk rage
 i - 2 potions of invisibility
 j - 4 potions of resistance
 l - 5 potions of agility
 m - 5 potions of might
Miscellaneous
 E - a crystal ball of energy
Comestibles
 b - 7 rations


   Skills:
 - Level 1.7 Dodging
 - Level 1.7 Stealth
 + Level 0.0 Shields
 + Level 4.3 Spellcasting
 + Level 4.2 Conjurations
 + Level 5.2 Fire Magic


You had 8 spell levels left.
You knew the following spells:

 Your Spells              Type           Power        Failure   Level  Hunger
a - Foxfire               Conj/Fire      ####         1%          1    None

Your spell library contained the following spells:

 Spells                   Type           Power        Failure   Level  Hunger
 Conjure Flame            Conj/Fire      #####...     4%          3    ##.....
 Inner Flame              Hex/Fire       ###.....     12%         3    ##.....
 Sticky Flame             Conj/Fire      #####...     17%         4    ####...
 Fireball                 Conj/Fire      #####.....   43%         5    ######.


Dungeon Overview and Level Annotations

Branches:
Dungeon (1/1)

Altars:
Ashenzari
Cheibriados
Dithmenos
Elyvilon
Fedhas
Gozag
Hepliaklqana
Kikubaaqudgha
Makhleb
Nemelex Xobeh
Okawaru
Qazlal
Ru
Sif Muna
Trog
Uskayaw
Vehumet
Wu Jian
Xom
Yredelemnul
Zin
The Shining One
Beogh
Jiyva
Lugonu

Annotations:
D 1 transporter


Innate Abilities, Weirdness & Mutations

Your plain brown scales are hard. (AC +4)
You cannot fit into any form of body armour.
You are cold-blooded and may be slowed by cold attacks.


Message History

Evoke which item? (* to show all) (? for menu, Esc to quit)
Okay, then.
Evoke which item? (* to show all) (? for menu, Esc to quit)
Aiming: Corrosive Bolt
Press: ? - help, Shift-Dir - straight line, p - draconian The bolt of acid hits the draconian but does no damage.
The draconian is moderately wounded.
The bolt of acid hits the draconian.
The draconian is splashed with acid!
The acid corrodes the draconian!
The draconian is lightly wounded.
The draconian hits you with a +0 falchion!
Unknown command.
Unknown command.
You feel much better.
The draconian hits you with a +1 lajatang of electrocution!!
Ouch! That really hurt!
* * * LOW HITPOINT WARNING * * *
You are electrocuted!!
Ouch! That really hurt!
You die...

▓▓▓▓▓▓▓
▓.8©8.▓
▓.....▓
▓.=.).▓
▓.....▓
▓..dd.▓
▓..@..▓
▓▓▓▓▓▓▓


You could see 2 draconians.

Vanquished Creatures (others)
  Grum (D)
  Edmund (D)
  Duvessa (D)
  Purgy (D)
  Crazy Yiuf (D)
5 creatures vanquished.

Notes
Turn   | Place    | Note
-------+----------+-------------------------------------------
     0 | D        | Baz the Draconian Fire Elementalist began the quest for the
                  | Orb.
     0 | D        | Reached XP level 1. HP: 14/14 MP: 3/3
     0 | D        | Found a shimmering blue altar of Sif Muna.
     0 | D        | Found a sacrificial altar of Ru.
     0 | D        | Found a bloodstained altar of Trog.
     0 | D        | Found a stormy altar of Qazlal.
     0 | D        | Found an iron altar of Okawaru.
     0 | D        | Found a sparkling altar of Nemelex Xobeh.
     0 | D        | Found a blossoming altar of Fedhas.
     1 | D        | Found the +6 Majin-Bo {vamp, Archmagi MP+6 Int+6}
     1 | D        | Found the +7 great mace "Firestarter" {inner flame, rF++}
     2 | D        | Found a transporter.
     2 | D        | Found an ancient bone altar of Kikubaaqudgha.
     2 | D        | Found a viscous altar of Jiyva.
     2 | D        | Found a corrupted altar of Lugonu.
     2 | D        | Found a hazy altar of Hepliaklqana.
     2 | D        | Found a burning altar of Makhleb.
     2 | D        | Found an opulent altar of Gozag.
    24 | D        | Found the +9 heavy crossbow "Sniper" {vorpal, Acc+∞ SInv}
    24 | D        | Found the +10 dark maul {vorpal}
    24 | D        | Found the +15 Maxwell's patent armour {-Cast -Tele rElec
                  | MR+ rCorr}
    24 | D        | Found the +18 shield of the Gong {rElec rN+ MR+ EV-5}
    24 | D        | Found the cursed +14 obsidian axe {vorpal, +Fly SInv
                  | *Curse}
    26 | D        | Found the +6 shillelagh "Devastator" {shatter}
    26 | D        | Found the +11 plutonium sword {*Contam Stlth-}
    26 | D        | Found the +8 lance "Wyrmbane" {slay drac, rPois rF+ rC+
                  | AC+3}
    26 | D        | Found the +9 sword of Zonguldrok {reap}
    26 | D        | Found the cursed +13 scythe of Curses {drain, *Curse}
    26 | D        | Found the +0 sword of Power
    26 | D        | Found the +7 mace of Variability {chain chaos}
    26 | D        | Found the +7 Singing Sword {vorpal, sonic wave}
    26 | D        | Found the +8 storm bow {elec, penet}
   127 | D        | Killed Duvessa
   128 | D        | Reached skill level 5 in Fire Magic
   128 | D        | Reached XP level 2. HP: 20/20 MP: 4/7
   134 | D        | Killed Edmund
   179 | D        | Killed Crazy Yiuf
   186 | D        | Killed Grum
   192 | D        | Killed Purgy
   215 | D        | Became a worshipper of Vehumet
   228 | D        | Entered arena 2.
   228 | D        | Noticed a draconian
   228 | D        | Noticed a draconian
   228 | D        | Found a transporter.
   231 | D        | Demolished by a draconian

Levels and vault maps discovered:
D:        sprint_v [room_start, room_1, room_2, room_3, room_4, room_5, room_6,
          room_7, room_8, room_9, room_10, room_11, room_12, room_13, room_14,
          room_15, room_16, room_17, room_18, room_19, room_20, room_21,
          room_22, room_23, room_24, room_25, room_26, room_27]

Skill      XL: |  1 |
---------------+----+-----
Spellcasting   | 4 |  4.3
Conjurations   | 4 |  4.2
Fire Magic     | 5 |  5.2
Dodging        | |  1.7
Stealth        | |  1.7

Action                   || total
-------------------------++-------
Evoke: Wand              ||     2
  Use: Potion            ||     2

Table legend:
 A = Non-vault XP
 B = Vault XP
 C = Vault XP percentage of total XP
 D = Non-vault monster count
 E = Vault monster count
 F = Vault count percentage of total count
                 A         B        C        D         E       F
            +---------+---------+-------+---------+---------+-------
      Total |       0 |       0 |   N/A |       0 |       0 |  -nan
            +---------+---------+-------+---------+---------+-------
            +---------+---------+-------+---------+---------+-------
